DBL
WASHINGTON SENATORS @ DETROIT TIGERS
06/14/1997
 
TOP OF THE 1ST
Washington Senators batting - Pitching for Detroit Tigers : RHP Steve Trachsel
Pitching: RHP Steve Trachsel
Batting: SHB Ray Durham 0-0: Ball
1-0: Foul Ball, location: 2F
1-1: Swinging Strike
1-2: SINGLE (Groundball, 34D, EV 96.9 MPH)
Batting: RHB Vladimir Guerrero 0-0: Ball
1-0: Called Strike
1-1: Grounds into double play, 5-4-3 (Groundball, 56, EV 78.1 MPH)
Batting: RHB Alex Rodriguez 0-0: Called Strike
0-1: Ball
1-1: Called Strike
1-2: Ball
2-2: SOLO HOME RUN (Line Drive, 9D, EV 98.1 MPH), Distance : 382 ft
Batting: RHB Albert Belle 0-0: Swinging Strike
0-1: Foul Ball, location: 2F
0-2: Fly out, F4 (Popup, 4, EV 58.8 MPH)
Top of the 1st over - 1 run, 2 hits, 0 errors, 0 left on base; Washington 1 - Detroit 0
BOTTOM OF THE 1ST
Detroit Tigers batting - Pitching for Washington Senators : RHP Livan Hernandez
Pitching: RHP Livan Hernandez
Batting: SHB Adrian Brown 0-0: Ground out 1-3 (Groundball, P, EV 66.9 MPH)
Batting: RHB Howard Battle 0-0: Ground out 6-3 (Groundball, 4M, EV 97.5 MPH)
Batting: RHB Russ Johnson 0-0: Called Strike
0-1: Foul Ball, location: 2F
0-2: Ball
1-2: Ball
2-2: Ball
3-2: Ground out 5-3 (Groundball, 5, EV 102.5 MPH)
Bottom of the 1st over - 0 runs, 0 hits, 0 errors, 0 left on base; Washington 1 - Detroit 0
TOP OF THE 2ND
Washington Senators batting - Pitching for Detroit Tigers : RHP Steve Trachsel
Batting: RHB Eric Davis 0-0: Swinging Strike
0-1: Ball
1-1: Foul Ball, location: 2F
1-2: Ball
2-2: Ground out 4-3 (Groundball, 4, EV 104.4 MPH)
Batting: LHB Willie Greene 0-0: Ball
1-0: Swinging Strike
1-1: Foul Ball, location: 2F
1-2: Strikes out swinging
Batting: LHB Jon Nunnally 0-0: Ball
1-0: Foul Ball, location: 2F
1-1: Called Strike
1-2: Foul Ball, location: 2F
1-2: Ball
2-2: Strikes out looking
Top of the 2nd over - 0 runs, 0 hits, 0 errors, 0 left on base; Washington 1 - Detroit 0
BOTTOM OF THE 2ND
Detroit Tigers batting - Pitching for Washington Senators : RHP Livan Hernandez
Batting: LHB Tino Martinez 0-0: Foul Ball, location: 2F
0-1: Ball
1-1: Foul Ball, location: 2F
1-2: Strikes out looking
Batting: LHB Ben Grieve 0-0: Ball
1-0: Called Strike
1-1: Swinging Strike
1-2: Strikes out looking
Batting: SHB Jeff Barry 0-0: Ball
1-0: Called Strike
1-1: SINGLE (Groundball, 6D, EV 103.8 MPH)
Batting: RHB Shane Halter 0-0: Ball
1-0: DOUBLE (Line Drive, 89D, EV 108.8 MPH)
Jeff Barry to third
Batting: LHB Brent Mayne 0-0: Swinging Strike
0-1: Ball
1-1: Called Strike
1-2: Fly out, F4 (Line Drive, 4, EV 61.9 MPH)
Bottom of the 2nd over - 0 runs, 2 hits, 0 errors, 2 left on base; Washington 1 - Detroit 0
TOP OF THE 3RD
Washington Senators batting - Pitching for Detroit Tigers : RHP Steve Trachsel
Batting: SHB Mickey Tettleton 0-0: Ball
1-0: Ball
2-0: Ball
3-0: Base on Balls
Batting: LHB Don Mattingly 0-0: Ball
1-0: Fly out, F6 (Popup, 6MS, EV 70.6 MPH)
Batting: SHB Ray Durham 0-0: Foul Ball, location: 2F
0-1: Ball
1-1: Swinging Strike
Mickey Tettleton steals 2nd, throwing error, E2
Mickey Tettleton to third
1-2: Fly out, F9 (Flyball, 9, EV 91.3 MPH)
Runner from 3rd tags up, SCORES, throw by RF
Batting: RHB Vladimir Guerrero 0-0: Ball
1-0: Swinging Strike
1-1: Ball
2-1: Called Strike
2-2: Ground out 4-3 (Groundball, 4, EV 103.8 MPH)
Top of the 3rd over - 1 run, 0 hits, 1 error, 0 left on base; Washington 2 - Detroit 0
BOTTOM OF THE 3RD
Detroit Tigers batting - Pitching for Washington Senators : RHP Livan Hernandez
Batting: LHB Joe Orsulak 0-0: Ball
1-0: Foul Ball, location: 2F
1-1: Foul Ball, location: 2F
1-2: Ball
2-2: Foul Ball, location: 2F
2-2: Foul Ball, location: 2F
2-2: Ground out 5-3 (Groundball, 56S, EV 88.1 MPH)
Batting: SHB Adrian Brown 0-0: Ball
1-0: Swinging Strike
1-1: Ball
2-1: Called Strike
2-2: SINGLE (Groundball, 4MD, EV 94.4 MPH)
Batting: RHB Howard Battle 0-0: Ball
1-0: Called Strike
Adrian Brown steals 2nd base
1-1: Ball
2-1: Called Strike
2-2: Ground out 6-3 (Groundball, 6M, EV 86.3 MPH)
Adrian Brown to third
Batting: RHB Russ Johnson 0-0: Called Strike
0-1: Ball
1-1: Ball
2-1: Ground out 6-3 (Groundball, 6, EV 86.3 MPH)
Bottom of the 3rd over - 0 runs, 1 hit, 0 errors, 1 left on base; Washington 2 - Detroit 0
TOP OF THE 4TH
Washington Senators batting - Pitching for Detroit Tigers : RHP Steve Trachsel
Batting: RHB Alex Rodriguez 0-0: Ball
1-0: Ground out 6-3 (Groundball, 6, EV 86.3 MPH)
Batting: RHB Albert Belle 0-0: Foul Ball, location: 2F
0-1: Ball
1-1: Called Strike
1-2: Foul Ball, location: 2F
1-2: Strikes out looking
Batting: RHB Eric Davis 0-0: Foul Ball, location: 2F
0-1: Foul Ball, location: 2F
0-2: Ball
1-2: DOUBLE (Line Drive, 7LM, EV 108.8 MPH)
Batting: LHB Willie Greene 0-0: Ball
1-0: Ball
2-0: Ball
3-0: Base on Balls
Batting: LHB Jon Nunnally 0-0: Called Strike
0-1: Ball
1-1: Fly out, F8 (Flyball, 8RD, EV 76.3 MPH)
Top of the 4th over - 0 runs, 1 hit, 0 errors, 2 left on base; Washington 2 - Detroit 0
BOTTOM OF THE 4TH
Detroit Tigers batting - Pitching for Washington Senators : RHP Livan Hernandez
Batting: LHB Tino Martinez 0-0: Ball
1-0: Called Strike
1-1: Foul Ball, location: 2F
1-2: Fly out, F7 (Line Drive, 7, EV 85.0 MPH)
Batting: LHB Ben Grieve 0-0: Ball
1-0: Ball
2-0: Ball
3-0: Base on Balls
Batting: SHB Jeff Barry 0-0: Ball
1-0: Fly out, F8 (Flyball, 8LS, EV 68.8 MPH)
Batting: RHB Shane Halter 0-0: Ground out 6-3 (Groundball, 6MS, EV 64.4 MPH)
Bottom of the 4th over - 0 runs, 0 hits, 0 errors, 1 left on base; Washington 2 - Detroit 0
TOP OF THE 5TH
Washington Senators batting - Pitching for Detroit Tigers : RHP Steve Trachsel
Batting: SHB Mickey Tettleton 0-0: Ball
1-0: Called Strike
1-1: Ball
2-1: Foul Ball, location: 2F
2-2: Ball
3-2: SINGLE (Popup, 3D, EV 53.1 MPH)
Batting: LHB Don Mattingly 0-0: Ball
1-0: Fielders Choice at 2nd, 5-4 (Groundball, 56, EV 99.4 MPH)
Batting: SHB Ray Durham 0-0: Ball
1-0: Called Strike
1-1: Foul Ball, location: 2F
1-2: Ball
2-2: Ball
3-2: Fly out, F4 (Line Drive, 4, EV 70.0 MPH)
Batting: RHB Vladimir Guerrero 0-0: Called Strike
0-1: Ball
1-1: Fly out, F7 (Flyball, 78M, EV 91.9 MPH)
Top of the 5th over - 0 runs, 1 hit, 0 errors, 1 left on base; Washington 2 - Detroit 0
BOTTOM OF THE 5TH
Detroit Tigers batting - Pitching for Washington Senators : RHP Livan Hernandez
Batting: LHB Brent Mayne 0-0: Called Strike
0-1: Swinging Strike
0-2: Strikes out swinging
Batting: LHB Joe Orsulak 0-0: Called Strike
0-1: Swinging Strike
0-2: Ball
1-2: Ball
2-2: Ball
3-2: Foul Ball, location: 2F
3-2: SINGLE (Line Drive, 34D, EV 99.4 MPH)
Batting: SHB Adrian Brown 0-0: Called Strike
0-1: Ball
1-1: Ball
Joe Orsulak steals 2nd base
2-1: Ball
3-1: Called Strike
3-2: SINGLE (Groundball, 34D, EV 106.9 MPH)
Joe Orsulak to third
Runner from 3rd tries for Home, SAFE, throw by RF to home
Batting: RHB Howard Battle 0-0: Foul Ball, location: 2F
0-1: Called Strike
0-2: Strikes out swinging
Batting: RHB Russ Johnson 0-0: Ball
1-0: Reached on error, E5 (Groundball, 56, EV 85.6 MPH)
Adrian Brown to second
Batting: LHB Tino Martinez 0-0: 3-RUN HOME RUN (Flyball, 89XD, EV 104.4 MPH), Distance : 416 ft
Batting: LHB Ben Grieve 0-0: Foul Ball, location: 2F
0-1: Ball
1-1: Called Strike
1-2: Foul Ball, location: 2F
1-2: Ball
2-2: Strikes out looking
Bottom of the 5th over - 4 runs, 3 hits, 1 error, 0 left on base; Washington 2 - Detroit 4
TOP OF THE 6TH
Washington Senators batting - Pitching for Detroit Tigers : RHP Steve Trachsel
Batting: RHB Alex Rodriguez 0-0: Ball
1-0: Ball
2-0: Ball
3-0: Called Strike
3-1: Base on Balls
Batting: RHB Albert Belle 0-0: Ball
1-0: Swinging Strike
1-1: Fly out, F9 (Flyball, 9S, EV 69.4 MPH)
Batting: RHB Eric Davis 0-0: Ball
1-0: Foul Ball, location: 2F
1-1: Swinging Strike
1-2: Foul Ball, location: 2F
1-2: Ball
2-2: Foul Ball, location: 2F
2-2: Strikes out swinging
Batting: LHB Willie Greene 0-0: Called Strike
0-1: Ball
1-1: Foul Ball, location: 2F
1-2: Ball
2-2: Ball
3-2: Reached on error, E4 (Groundball, 34D, EV 81.3 MPH)
Alex Rodriguez to third
Batting: LHB Jon Nunnally 0-0: Fly out, F7 (Flyball, 7, EV 90.0 MPH)
Top of the 6th over - 0 runs, 0 hits, 1 error, 2 left on base; Washington 2 - Detroit 4
BOTTOM OF THE 6TH
Detroit Tigers batting - Pitching for Washington Senators : RHP Livan Hernandez
Batting: SHB Jeff Barry 0-0: Fly out, F9 (Line Drive, 9, EV 85.0 MPH)
Batting: RHB Shane Halter 0-0: Ball
1-0: Called Strike
1-1: Swinging Strike
1-2: Reached on error, E5 (Groundball, 56, EV 103.8 MPH)
Batting: LHB Brent Mayne 0-0: Foul Ball, location: 2F
0-1: Called Strike
0-2: Strikes out looking
Batting: LHB Joe Orsulak 0-0: Ground out 6-3 (Groundball, 6M, EV 107.5 MPH)
Bottom of the 6th over - 0 runs, 0 hits, 1 error, 1 left on base; Washington 2 - Detroit 4
TOP OF THE 7TH
Washington Senators batting - Pitching for Detroit Tigers : RHP Steve Trachsel
Batting: SHB Mickey Tettleton 0-0: Called Strike
0-1: Swinging Strike
0-2: Strikes out looking
Batting: LHB Don Mattingly 0-0: Called Strike
0-1: Called Strike
0-2: Foul Ball, location: 2F
0-2: SINGLE (Flyball, 7S, EV 96.9 MPH)
Batting: SHB Ray Durham 0-0: Ball
1-0: Called Strike
1-1: Fielders Choice at 2nd, 4-6 (Groundball, 4D, EV 102.5 MPH)
Batting: RHB Vladimir Guerrero 0-0: Called Strike
0-1: Ball
1-1: Fly out, F7 (Flyball, 78M, EV 93.1 MPH)
Top of the 7th over - 0 runs, 1 hit, 0 errors, 1 left on base; Washington 2 - Detroit 4
BOTTOM OF THE 7TH
Detroit Tigers batting - Pitching for Washington Senators : RHP Livan Hernandez
Batting: SHB Adrian Brown 0-0: Swinging Strike
0-1: Foul Ball, location: 2F
0-2: Strikes out looking
Batting: RHB Howard Battle 0-0: Foul Ball, location: 2F
0-1: Swinging Strike
0-2: Foul Ball, location: 2F
0-2: Foul Ball, location: 2F
0-2: Strikes out looking
Batting: RHB Russ Johnson 0-0: Ground out 6-3 (Groundball, 6, EV 83.1 MPH)
Bottom of the 7th over - 0 runs, 0 hits, 0 errors, 0 left on base; Washington 2 - Detroit 4
TOP OF THE 8TH
Washington Senators batting - Pitching for Detroit Tigers : RHP Steve Trachsel
Batting: RHB Alex Rodriguez 0-0: Ball
1-0: Foul Ball, location: 2F
1-1: Foul Ball, location: 2F
1-2: Strikes out swinging
Batting: RHB Albert Belle 0-0: Fly out, F9 (Flyball, 89M, EV 73.1 MPH)
Batting: RHB Eric Davis 0-0: Foul Ball, location: 2F
0-1: Called Strike
0-2: Ball
1-2: Strikes out swinging
Top of the 8th over - 0 runs, 0 hits, 0 errors, 0 left on base; Washington 2 - Detroit 4
BOTTOM OF THE 8TH
Detroit Tigers batting - Pitching for Washington Senators : RHP Livan Hernandez
Pitching: LHP Dan Plesac
Batting: LHB Tino Martinez 0-0: Ball
1-0: Ground out 6-3 (Groundball, 4M, EV 84.4 MPH)
Batting: LHB Ben Grieve 0-0: Foul Ball, location: 2F
0-1: Foul Ball, location: 2F
0-2: SINGLE (Groundball, 56D, EV 105.0 MPH)
Batting: SHB Jeff Barry 0-0: Ball
1-0: Ball
2-0: Called Strike
2-1: Swinging Strike
2-2: Strikes out swinging
Batting: RHB Shane Halter 0-0: Ball
1-0: Ball
2-0: Fielders Choice at 2nd, 5-4 (Groundball, 56, EV 84.4 MPH)
Bottom of the 8th over - 0 runs, 1 hit, 0 errors, 1 left on base; Washington 2 - Detroit 4
TOP OF THE 9TH
Washington Senators batting - Pitching for Detroit Tigers : RHP Steve Trachsel
Batting: LHB Willie Greene 0-0: Called Strike
0-1: Ball
1-1: Ball
2-1: Fly out, F8 (Line Drive, 8LM, EV 88.1 MPH)
Batting: LHB Jon Nunnally 0-0: Ball
1-0: Ball
2-0: Ball
3-0: Swinging Strike
3-1: Foul Ball, location: 2F
3-2: Foul Ball, location: 2F
3-2: Base on Balls
Pitching: RHP Danny Graves
Batting: SHB Mickey Tettleton 0-0: Foul Ball, location: 2F
0-1: Ball
1-1: Foul Ball, location: 2F
1-2: Ball
2-2: Ball
3-2: Base on Balls
Jon Nunnally to second
Batting: LHB Don Mattingly 0-0: Foul Ball, location: 2F
0-1: Foul Ball, location: 2F
0-2: Ball
1-2: Strikes out swinging
Batting: SHB Ray Durham 0-0: Foul Ball, location: 2F
0-1: Ball
1-1: Ball
2-1: Foul Ball, location: 2F
2-2: Fly out, F3 (Popup, 3SF, EV 77.5 MPH)
Top of the 9th over - 0 runs, 0 hits, 0 errors, 2 left on base; Washington 2 - Detroit 4
Tuesday, February 24th, 2026 - OOTP Baseball 20.8 Build 74